 Dungeon Crawl Stone Soup version 0.26-a0-538-ge4b5d95 (webtiles) character file.

Game seed: 10865777853722404616

1677 DikBut the Slicer (level 8, -5/68 HPs)
             Began as a Minotaur Berserker on Aug 14, 2020.
             Was a Priest of Trog.
             Splashed by an oklob plant's acid (11 damage)
             ... on level 6 of the Dungeon.
             The game lasted 00:27:39 (6512 turns).

DikBut the Slicer (Minotaur Berserker)              Turns: 6512, Time: 00:27:41

Health: -5/68      AC: -1    Str: 23    XL:     8   Next: 70%
Magic:  7/7        EV: 11    Int: 10    God:    Trog [***...]
Gold:   420        SH:  0    Dex: 11    Spells: 7/7 levels left

rFire    . . .     SeeInvis .   e - +2 short sword (drain)
rCold    . . .     Faith    .   (no shield)
rNeg     . . .     Spirit   .   z - +0 scale mail
rPois    .         Reflect  .   (helmet restricted)
rElec    .         Harm     .   (no cloak)
rCorr    .                      (no gloves)
MR       .....                  (no boots)
Stlth    ..........             d - amulet of regeneration
HPRegen  0.61/turn              x - +6 ring of intelligence
MPRegen  0.10/turn              (no ring)

@: corroded, very slightly contaminated
A: retaliatory headbutt, horns 2
a: Berserk, Trog's Hand, Renounce Religion


You were on level 6 of the Dungeon.
You worshipped Trog.
Trog was most pleased with you.
You visited 1 branch of the dungeon, and saw 6 of its levels.

You collected 420 gold pieces.

Inventory:

Hand Weapons
 e - a +2 short sword of draining (weapon)
 o - a +0 whip
 q - a +2 dagger of protection
 s - a +2 short sword of holy wrath
 y - a +0 flail
Armour
 h - a +0 ring mail
 m - a +0 kite shield
 z - a +0 scale mail (worn)
Jewellery
 d - an amulet of regeneration (around neck)
 x - a +6 ring of intelligence (left hand)
Wands
 u - a wand of paralysis (10)
Scrolls
 a - a scroll of blinking
 f - 2 scrolls of enchant weapon {unknown}
 g - 2 scrolls of identify {unknown}
 l - a scroll of magic mapping {unknown}
 n - 4 scrolls of teleportation
 p - 2 scrolls of amnesia {unknown}
 r - a scroll of fog {unknown}
 v - a scroll of enchant armour {unknown}
Potions
 b - a potion of might {unknown}
 c - a potion of curing {unknown}
 i - a potion of experience {unknown}
 j - a potion of heal wounds {unknown}
 k - a potion of cancellation {unknown}
 w - a potion of brilliance {unknown}


   Skills:
 - Level 5.3 Fighting
 * Level 10.1 Short Blades
 - Level 6.0 Maces & Flails
 - Level 3.5 Armour
 - Level 3.0 Dodging
 - Level 0.3 Stealth


You had 7 spell levels left.
You didn't know any spells.
Your spell library was empty.

Dungeon Overview and Level Annotations

Branches:
Dungeon (6/15)             Temple (0/1) D:6

Altars:
Cheibriados
Fedhas
Gozag
Ru
Sif Muna
Wu Jian
Zin
Beogh

Annotations:
D:6 3 runed translucent doors, exclusion: oklob plant, roflturtle's ghost, novice DgAE


Innate Abilities, Weirdness & Mutations

You reflexively headbutt those who attack you in melee.
You have a pair of horns on your head.


Message History

There is an open door here.
You see here 25 stones.
The oklob plant spits acid at you. The splash of acid hits you!
The acid corrodes you!
You are splashed with acid!
There is an open door here.
You hit the oklob plant but do no damage.
You hit the oklob plant but do no damage.
You headbutt the oklob plant, but do no damage.
You completely miss the oklob plant. The oklob plant spits acid at you.
The splash of acid hits you!
You are splashed with acid!
* * * LOW HITPOINT WARNING * * *
Press: ? - help, Dir - move target cursor You are very lightly contaminated with residual magic.
As you read the scroll of blinking, it crumbles to dust.
The oklob plant spits acid at you. The splash of acid hits you!
* * * LOW HITPOINT WARNING * * *
The acid corrodes you!
You are splashed with acid!
You die...

###'#### #.....####....#_.
#......# ####......#####[o
#......+ #......'...#(. #......
#......#...#.. # #....(
#......#...#.. ..#####.P..
#......#...#..
.......P_P+#########......#...#8.
........P§......)..#......#######
.........#......@..#####....###.#
#......(########'###..#....#...#
######'####.####..##..#....#...+
#........+....#.......#....#...#
#............)........'....#...#
####+##.....#.#....##..#....#...#
#.....#>...#.#.#..###..#....#...#
#.....#...#.#.#.#......#...(#....
#.....#....#.>.#.......#....#....


You could see an oklob plant.

Vanquished Creatures
  Eustachio (D:4)
  A sky beast (D:6)
  A phantom (D:2)
  3 ogres
  An orc warrior (D:6)
  The ghost of relicbr the Cudgeler, an amateur DsGl (D:3)
  A centaur (D:5)
  The ghost of Th3D0ct0rWh0 the Digger, an amateur GrEE (D:3)
  A bullfrog (D:3)
  A scorpion (D:6)
  A howler monkey (D:4)
  2 hounds
  An orc priest (D:6)
  4 orc wizards
  3 bullfrog skeletons
  Jessica (D:3)
  A centaur skeleton (D:4)
  6 worker ants
  6 adders
  A shadow imp (D:5)
  2 adder skeletons
  6 worms
  A dart slug (D:4)
  2 leopard geckos
  20 orcs
  5 giant cockroaches
  4 hobgoblins
  4 jackals
  5 kobolds
  2 quokkas
  2 bats (D:2)
  2 frilled lizards (D:2)
  10 goblins
  A leopard gecko skeleton (D:3)
  A quokka skeleton (D:5)
  5 rats
110 creatures vanquished.

Vanquished Creatures (others)
  A withered plant (D:3)
1 creature vanquished.

Grand Total: 111 creatures vanquished

Notes
Turn   | Place    | Note
-------+----------+-------------------------------------------
     0 | D:1      | DikBut the Minotaur Berserker began the quest for the Orb.
     0 | D:1      | Reached XP level 1. HP: 19/19 MP: 0/0
   582 | D:1      | Reached XP level 2. HP: 27/27 MP: 1/1
   616 | D:1      | You fall into a shaft and drop 1 floor!
   669 | D:2      | Noticed a phantom
   687 | D:2      | Killed a phantom
   687 | D:2      | Reached XP level 3. HP: 7/35 MP: 2/2
   687 | D:2      | Reached XP level 4. HP: 8/41 MP: 3/3
  1252 | D:2      | Found a blossoming altar of Fedhas.
  1253 | D:2      | Found a snail-covered altar of Cheibriados.
  1254 | D:2      | Found an ornate altar of the Wu Jian Council.
  1270 | D:2      | Found a glowing silver altar of Zin.
  1858 | D:2      | Reached skill level 5 in Maces & Flails
  1947 | D:2      | Reached skill level 5 in Fighting
  2022 | D:2      | Reached XP level 5. HP: 48/48 MP: 4/4
  2209 | D:3      | Noticed Jessica
  2215 | D:3      | Killed Jessica
  2280 | D:3      | Reached ** piety under Trog
  2519 | D:3      | Found a sacrificial altar of Ru.
  2946 | D:3      | Reached XP level 6. HP: 51/56 MP: 5/5
  3058 | D:3      | Found a runed translucent gate.
  3059 | D:3      | Noticed Th3D0ct0rWh0's ghost (amateur GrEE)
  3059 | D:3      | Noticed relicbr's ghost (amateur DsGl)
  3060 | D:3      | Found a runed translucent gate.
  3060 | D:3      | Found a runed translucent gate.
  3100 | D:3      | Killed Th3D0ct0rWh0's ghost
  3100 | D:3      | Reached skill level 2 in Short Blades
  3106 | D:3      | Killed relicbr's ghost
  3106 | D:3      | Reached skill level 3 in Short Blades
  3624 | D:4      | Reached skill level 4 in Short Blades
  3675 | D:4      | Reached XP level 7. HP: 60/61 MP: 6/6
  3696 | D:4      | Reached skill level 5 in Short Blades
  3867 | D:4      | Reached skill level 6 in Short Blades
  4028 | D:4      | Reached skill level 7 in Short Blades
  4199 | D:4      | Noticed Eustachio
  4210 | D:4      | Killed Eustachio
  4210 | D:4      | Reached XP level 8. HP: 68/68 MP: 7/7
  4267 | D:4      | Found a shimmering blue altar of Sif Muna.
  4555 | D:5      | Entered Level 5 of the Dungeon
  4562 | D:5      | Reached skill level 8 in Short Blades
  5078 | D:5      | Reached skill level 9 in Short Blades
  5626 | D:6      | Found a staircase to the Ecumenical Temple.
  5784 | D:6      | Reached *** piety under Trog
  5796 | D:6      | Found a runed translucent gate.
  5796 | D:6      | Found a runed translucent gate.
  5815 | D:6      | Found a runed translucent gate.
  5866 | D:6      | Noticed roflturtle's ghost (novice DgAE)
  5868 | D:6      | Found a roughly hewn altar of Beogh.
  5869 | D:6      | Identified the +8 spear "Grim" {vorpal, rF+ rN+}
  6073 | D:6      | Reached skill level 10 in Short Blades
  6115 | D:6      | Noticed an oklob plant
  6503 | D:6      | Found an opulent altar of Gozag.
  6512 | D:6      | Splashed by an oklob plant's acid

Illustrated notes

Levels and vault maps discovered:
D:1:      minmay_arrival_shattered_statue, layout_basic
D:2:      layout_basic, zin_academy, chequers_temple_overflow_statue_of_worship
D:3:      layout_basic, old_standard_altar, gammafunk_ghost_cemetery,
          serial_rivers, chequers_serial_rivers_large_a,
          chequers_serial_rivers_room_a, chequers_serial_rivers_room_b,
          chequers_serial_rivers_micro_e, uniq_jessica
D:4:      layout_loops_cross, lemuel_blue_sif_altar, uniq_eustachio
D:5:      layout_basic, grunt_decor_fettered
D:6:      layout_gridville, minmay_temple_entry_grid,
          biasface_ghost_orc_armoury, lemuel_oklob_altar

Skill      XL: |  1  2  3  4  5  6  7  8 |
---------------+-------------------------+-----
Maces & Flails | 4 5 6 |  6.0
Fighting       | 4 5 |  5.3
Armour         | 3 |  3.5
Dodging        | 3 |  3.0
Short Blades   | 4 7 10 | 10.1
Stealth        | |  0.3

Action                   |  1- 3 |  4- 6 |  7- 9 || total
-------------------------+-------+-------+-------++-------
Melee: Mace              |    29 |    78 |       ||   107
       Headbutt          |     6 |     9 |    31 ||    46
       Short sword       |       |    47 |   137 ||   184
Invok: Berserk           |     3 |     5 |     4 ||    12
       Trog's Hand       |       |     1 |       ||     1
  Use: Scroll            |       |     3 |     2 ||     5
Armor: Animal skin       |     5 |     1 |       ||     6
       Ring mail         |       |    43 |    27 ||    70
       Scale mail        |       |       |    10 ||    10
Dodge: Dodged            |    14 |    69 |    59 ||   142
Block: Kite shield       |       |    11 |    17 ||    28

Table legend: (Time is in decaauts)
 A = Elapsed time spent in this place.
 B = Non-inter-level travel time spent in this place.
 C = Inter-level travel time spent in this place.
 D = Time resting spent in this place.
 E = Time spent auto-exploring this place.
 F = Levels seen in this place.
 G = Mean time per level.
                   A        B        C        D        E       F      G
               +--------+--------+--------+--------+--------+-----+--------+
         Total |   6634 |   6483 |    151 |    547 |   4356 |   6 | 1105.7 |
       Dungeon |   6634 |   6483 |    151 |    547 |   4356 |   6 | 1105.7 |
               +--------+--------+--------+--------+--------+-----+--------+

Top non-repeatable levels by time:
     D:3: 1468 daAuts
     D:2: 1258 daAuts
     D:6: 997 daAuts
     D:1: 991 daAuts
     D:4: 962 daAuts
     D:5: 955 daAuts
